 Dungeon Crawl Stone Soup version 0.28.0-45-g0d030f2227 (webtiles) character file.

Game seed: 11858584511833094804

84 zeratav the Insei (level 4, -3/29 HPs)
             Began as an Octopode Transmuter on Apr 11, 2022.
             Slain by a gnoll
             ... wielding a +0 whip
              (5 damage)
             ... on level 4 of the Dungeon.
             The game lasted 00:01:55 (1112 turns).

zeratav the Insei (Octopode Transmuter)             Turns: 1112, Time: 00:01:56

Health: -3/29      AC:  1    Str:  9    XL:     4   Next: 45%
Magic:  7/7        EV: 13    Int: 15    God:
Gold:   55         SH:  0    Dex: 14    Spells: 6/7 levels left

rFire   . . .      SeeInvis .   e - +2 hand axe (flame) {axe}
rCold   . . .      Faith    .   (no shield)
rNeg    . . .      Spirit   .   (helmet restricted)
rPois   .          Reflect  .   (no amulet)
rElec   .          Harm     .   (no ring)
rCorr   .          Rampage  .   (no ring)
Will    .....                   (no ring)
Stlth   +++.......              (no ring)
HPRegen 0.09/turn               (no ring)
MPRegen 0.10/turn               (no ring)
                                (no ring)
                                (no ring)

@: no status effects
A: almost no armour, amphibious, 8 rings, camouflage 1, gelatinous body 1,
(nimble swimmer 1), tentacles
a: no special abilities


You were on level 4 of the Dungeon.
You visited 1 branch of the dungeon, and saw 3 of its levels.

You collected 55 gold pieces.


Innate Abilities, Weirdness & Mutations

You cannot wear most types of armour.
You are amphibious.
You can wear up to eight rings at the same time.
Your skin changes colour to match your surroundings (Stealth+).
Your rubbery body absorbs attacks. (AC +1, EV +1)
((You are camouflaged when in or above water. (Stealth+)))
You have tentacles for arms and can constrict up to eight enemies at once.


   Skills:
 + Level 1.9 Fighting
 + Level 2.6 Dodging
 + Level 2.3 Stealth
 * Level 4.0 Unarmed Combat
 - Level 2.0 Spellcasting
 - Level 2.0 Transmutations


You had 6 spell levels left.
You knew the following spells:

 Your Spells              Type           Power      Damage    Failure   Level
a - Beastly Appendage     Tmut           14%        N/A       10%         1

Your spell library contained the following spells:

 Spells                   Type           Power      Damage    Failure   Level
 Wereblood                Tmut           7%         N/A       14%         2
 Static Discharge         Conj/Air       1%         N/A       32%         2
 Spider Form              Tmut/Pois      4%         N/A       41%         3
 Ice Form                 Ice/Tmut       4%         N/A       82%         4
 Dispel Undead            Necr           1%         3d6       91%         4
 Sticky Flame             Conj/Fire      1%         2d3       91%         4

Inventory:

Hand Weapons
 e - a +2 hand axe of flaming (weapon) {axe}
   (You found it on level 1 of the Dungeon)
Scrolls
 b - a scroll of enchant weapon {unknown}
 c - a scroll of enchant armour {unknown}
 d - a scroll of teleportation {unknown}
 f - a scroll of fog {unknown}
Potions
 a - 2 potions of cancellation {unknown}
 g - a potion of flight {unknown}
 h - a potion of attraction {unknown}

Dungeon Overview and Level Annotations

Branches:
Dungeon (2/15)

Altars:

Shops:
D:4

* ##..............
....... #.......).......
....... #...............
......! #...............
....... #...............
....... #...............
....... #...............
......g##...............
#@.)..............
.....................
....................
.......#####.......
....... #...... .......
#..... ....... #....
####### #...


You could see a gnoll.


Message History

An orc is nearby!
An orc comes into view. It is wielding a +0 club.
The orc shouts!
An orc comes into view. It is wielding a +0 flail.
An orc comes into view. It is wielding a +0 hand axe.
A quokka comes into view.
MP[+1]
Your transformation is almost over.
The quokka closely misses you.
You hit the quokka. You burn the quokka. You grab the quokka.
You pierce the quokka.
You kill the quokka!
You see here a quokka corpse.
You see here a quokka corpse.
The orc barely misses you.
You closely miss the orc. Your grab misses the orc.
You pierce the orc.
The orc closely misses you.
You hit the orc. You burn the orc.
You kill the orc!
MP[+1]
Your mp is fully restored (6).
You see here a +0 club {mace}.
You see here a +0 robe.
Your tentacle spike disappears.
You open the door.
There is an open door here.
g - an orange potion You open the door.
There is an open door here.
A jelly comes into view.
The jelly quivers.
The jelly jiggles.
You see here a golden potion.
You hit the jelly. You burn the jelly.
Your tentacles burn!
You squeeze the jelly!
The jelly jiggles.
The jelly barely misses you.
HP[-4]
You take 4 damage, and now have 19/23 hp.
You slash the jelly! You burn the jelly.
You kill the jelly!
Your Stealth skill increases to level 2!
You have reached level 4!
HP[+5] MP[+1]
You now have 29 max hp (+6).
You regained 5 hp, and now have 24/29 hp.
Your mp is fully restored (7).
You start resting.
HP[+5]
Your hp is fully restored (29).
h - a golden potion A goblin comes into view.
It is wielding a +0 club.
You hit the goblin. You burn the goblin.
You kill the goblin!
Things that are here:
a +0 club {mace}; a goblin corpse A gnoll comes into view.
It is wielding a +0 club.
You hit the gnoll. You burn the gnoll. You grab the gnoll.
You tentacle-slap the gnoll. You constrict the gnoll.
The gnoll hits you with a +0 club. x2
HP[-5]
You take 5 damage, and now have 24/29 hp.
You hit the gnoll. You burn the gnoll.
You kill the gnoll!
A gnoll comes into view. It is wielding a +0 spear.
Things that are here:
a +0 club {mace}; a gnoll corpse HP[+1]
Things that are here:
a +0 club {mace}; a gnoll corpse The gnoll shouts!
The gnoll hits you from afar with a +0 spear!
HP[-9]
You take 9 damage, and now have 16/29 hp.
MASSIVE DAMAGE!! (PAUSE)
A gnoll comes into view. It is wielding a +0 whip.
The gnoll hits you with a +0 spear.
* * * LOW HITPOINT WARNING * * *
HP[-3]
You take 3 damage, and now have 13/29 hp.
The gnoll shouts!
You hit the gnoll but do no damage. You grab the gnoll.
You constrict the gnoll. The gnoll hits you with a +0 spear.
* * * LOW HITPOINT WARNING * * *
HP[-5]
You take 5 damage, and now have 8/29 hp.
You hit the gnoll. You burn the gnoll.
You constrict the gnoll, but do no damage.
The gnoll barely misses you. The gnoll hits you with a +0 spear.
* * * LOW HITPOINT WARNING * * *
HP[-6]
You take 6 damage, and now have 2/29 hp.
MASSIVE DAMAGE!! (PAUSE)
You hit the gnoll but do no damage. You tentacle-slap the gnoll.
You squeeze the gnoll.
You kill the gnoll!
Your Unarmed Combat skill increases to level 4!
You hit the gnoll. You burn the gnoll. Your grab misses the gnoll.
Your squeeze misses the gnoll. The gnoll hits you with a +0 whip.
You die...

Skill      XL: |  1  2  3  4 |
---------------+-------------+-----
Stealth        | 1 2 |  2.3
Unarmed Combat | 4 |  4.0
Fighting       | |  1.9
Dodging        | |  2.6
Spellcasting   | |  2.0
Transmutations | |  2.0

Action                   |  1- 3 |  4- 6 || total
-------------------------+-------+-------++-------
Melee: Unarmed           |    18 |       ||    18
       Kick              |    11 |       ||    11
       Constrict         |     7 |     2 ||     9
       Tentacles         |     4 |     1 ||     5
       Punch             |     2 |     2 ||     4
       Hand axe          |    14 |     7 ||    21
 Cast: Beastly Appendage |    16 |       ||    16
 Stab: Sleeping          |     7 |       ||     7
Armor: Skin              |     3 |       ||     3
Dodge: Dodged            |    16 |     1 ||    17

Levels and vault maps discovered:
D:1:      dpeg_arrival_another_circle, layout_basic,
          hellmonk_ecumenical_altar_heavens_door
D:2:      layout_rooms
D:4:      layout_basic, serial_shops, nicolae_diamond_shop, uniq_blork_the_orc

Notes
Turn   | Place    | Note
-------+----------+-------------------------------------------
     0 | D:1      | zeratav the Octopode Transmuter began the quest for the
                  | Orb.
     0 | D:1      | Reached XP level 1. HP: 13/13 MP: 3/3
     0 | D:1      | magus.rc [v1.9.6]
    82 | D:1      | Found a faded altar of an unknown god.
   244 | D:1      | Reached XP level 2. HP: 18/18 MP: 3/5
   261 | D:1      | You pick up a book of Touch and begin reading...
   261 | D:1      | You add the spells Static Discharge, Sticky Flame and
                  | Dispel Undead to your library.
   351 | D:1      | Reached skill level 1 in Stealth
   881 | D:2      | Reached XP level 3. HP: 23/23 MP: 6/6
   942 | D:2      | You fall into a shaft and drop 2 floors!
   942 | D:4      | Found Niosch Juhi's General Store.
  1021 | D:4      | Reached skill level 2 in Stealth
  1021 | D:4      | Reached XP level 4. HP: 24/29 MP: 7/7
  1110 | D:4      | HP: 2/29 [gnoll/+0 spear (6)]
  1112 | D:4      | Reached skill level 4 in Unarmed Combat
  1112 | D:4      | Slain by a gnoll

Vanquished Creatures
  A jelly (D:4)
  2 gnolls (D:4)
  An adder (D:2)
  A dart slug (D:2)
  2 orcs
  2 bats (D:1)
  4 endoplasms
  A giant cockroach (D:1)
  A goblin (D:4)
  2 hobgoblins (D:1)
  A quokka (D:4)
  2 ball pythons (D:1)
  A kobold (D:1)
  2 rats
23 creatures vanquished.

Table legend:
 A = Non-vault XP
 B = Vault XP
 C = Vault XP percentage of total XP
 D = Non-vault monster count
 E = Vault monster count
 F = Vault count percentage of total count
                 A         B        C        D         E       F
            +---------+---------+-------+---------+---------+-------
      Total |     120 |       0 |   0.0 |      23 |       0 |   0.0
            +---------+---------+-------+---------+---------+-------
        D:1 |      18 |       0 |   0.0 |      11 |       0 |   0.0
        D:2 |      25 |       0 |   0.0 |       6 |       0 |   0.0
        D:4 |      77 |       0 |   0.0 |       6 |       0 |   0.0
            +---------+---------+-------+---------+---------+-------

Illustrated notes

Table legend:
 A = Kills in this place as a percentage of kills in entire the game.
 B = Kills by you in this place as a percentage of kills by you in the entire game.
 C = Kills by friends in this place as a percentage of kills by friends in the entire game.
 D = Other kills in this place as a percentage of other kills in the entire game.
 E = Experience gained in this place as a percentage of experience gained in the entire game.
 F = Experience gained in this place divided by the number of levels of this place that you have seen.
                   A       B       C       D       E      F
               +-------+-------+-------+-------+-------+----------------------
         Total | 100.0 | 100.0 |   N/A |   N/A | 100.0 |  40.0
       Dungeon | 100.0 | 100.0 |   N/A |   N/A | 100.0 |  40.0
               +-------+-------+-------+-------+-------+----------------------

Table legend: (Time is in decaauts)
 A = Elapsed time spent in this place.
 B = Non-inter-level travel time spent in this place.
 C = Inter-level travel time spent in this place.
 D = Time resting spent in this place.
 E = Time spent auto-exploring this place.
 F = Levels seen in this place.
 G = Mean time per level.
                   A        B        C        D        E       F      G
               +--------+--------+--------+--------+--------+-----+--------+
         Total |   1116 |   1066 |     50 |     52 |    763 |   3 |  372.0 |
       Dungeon |   1116 |   1066 |     50 |     52 |    763 |   3 |  372.0 |
               +--------+--------+--------+--------+--------+-----+--------+

Top non-repeatable levels by time:
     D:1: 802 daAuts
     D:4: 173 daAuts
     D:2: 140 daAuts
